 Dungeon Crawl Stone Soup version 0.29.1-1-gd02db6906a (webtiles) character file.

Game seed: 13860281237567445315

2996 Ashen the Firebug (level 9, -1/58 HPs)
             Began as a Demonspawn Fire Elementalist on Oct 4, 2022.
             Was an Initiate of Vehumet.
             Slain by an orc knight
             ... wielding a +0 halberd
              (16 damage)
             ... in a bailey.
             The game lasted 00:19:39 (7879 turns).

Ashen the Firebug (Demonspawn Fire Elementalist)    Turns: 7879, Time: 00:19:39

Health: -1/58      AC:  9    Str:  9    XL:     9   Next: 54%
Magic:  16/18      EV: 17    Int: 31    God:    Vehumet [......]
Gold:   533        SH:  0    Dex: 13    Spells: 13/20 levels left

rFire   . . .      SeeInvis .   k - +3 hammer of Risk Management {protect, Int+4}
rCold   . . .      Faith    .   (no shield)
rNeg    . . .      Spirit   .   a - +0 robe
rPois   .          Reflect  .   G - +1 helmet
rElec   .          Harm     .   n - +2 cloak
rCorr   .          Rampage  .   w - +0 pair of gloves
Will    .....                   l - +0 pair of boots
Stlth   +++.......              (no amulet)
HPRegen 0.19/turn               t - +4 ring of evasion
MPRegen 0.16/turn               (no ring)

@: no status effects
A: claws 2, powered by death 1, big brain 3, frail 1
a: Renounce Religion


You were in a bailey.
You worshipped Vehumet.
Vehumet was noncommittal.
You visited 2 branches of the dungeon, and saw 9 of its levels.
You also visited: Bailey.

You collected 533 gold pieces.

Inventory:

Hand Weapons
 k - the +3 hammer of Risk Management (weapon) {protect, Int+4}
   (You found it on level 2 of the Dungeon)

   It grants its wielder temporary protection when it strikes (+7 to AC).
   Int:       It affects your intelligence (+4).
 q - a +1 dagger of distortion
 z - a +3 glaive of flaming
 C - a +3 long sword of flaming
 D - a +0 whip of venom
Armour
 a - a +0 robe (worn)
 j - a +1 crystal plate armour
 l - a +0 pair of boots (worn)
 n - a +2 cloak (worn)
 w - a +0 pair of gloves (worn)
 x - a +0 tower shield of protection
 G - a +1 helmet (worn)
Magical Staves
 o - a staff of air
Jewellery
 t - a +4 ring of evasion (left hand)
Wands
 h - a wand of flame (15)
 y - a wand of light (15)
Scrolls
 c - a scroll of blinking
 s - a scroll of enchant weapon
 v - a scroll of fog
 A - a scroll of immolation {unknown}
 B - a scroll of fear {unknown}
 E - 3 scrolls of brand weapon {unknown}
 F - a scroll of silence {unknown}
 H - 2 scrolls of identify {unknown}
 J - 2 scrolls of teleportation {unknown}
Potions
 b - 2 potions of magic
 d - 2 potions of haste {unknown}
 e - 3 potions of attraction {unknown}
 f - 2 potions of lignification {unknown}
 g - a potion of berserk rage {unknown}
 i - 3 potions of curing {unknown}
 m - a potion of ambrosia {unknown}
 p - a potion of invisibility {unknown}
 r - a potion of heal wounds
 u - a potion of brilliance {unknown}
 I - a potion of might {unknown}
 K - a potion of resistance {unknown}


   Skills:
 + Level 4.1 Fighting
 + Level 4.3 Dodging
 + Level 4.7 Stealth
 * Level 6.1 Spellcasting
 * Level 6.2 Conjurations
 * Level 6.4 Fire Magic


You had 13 spell levels left.
You knew the following spells:

 Your Spells              Type           Power      Damage    Failure   Level
a - Foxfire               Conj/Fire      100%       2x1d9     1%          1
b - Scorch                Fire           98%        2d9       1%          2
c - Flame Wave            Conj/Fire      48%        2d12      1%          4

Your spell library contained the following spells:

 Spells                   Type           Power      Damage    Failure   Level
 Beastly Appendage        Tmut           18%        N/A       1%          1
 Conjure Flame            Conj/Fire      48%        6-21      1%          3
 Inner Flame              Hex/Fire       29%        N/A       1%          3
 Wereblood                Tmut           9%         N/A       3%          2
 Spider Form              Tmut/Pois      9%         N/A       6%          3
 Alistair's Intoxication  Tmut/Pois      6%         N/A       45%         5
 Borgnjor's Vile Clutch   Necr/Erth      4%         N/A       45%         5
 Eringya's Noxious Bog    Tmut/Pois      4%         N/A       95%         6


Dungeon Overview and Level Annotations

Branches:
Dungeon (8/15)             Temple (1/1) D:7          Bailey (1/1)
   Lair: D:8-11

Altars:
Cheibriados
Dithmenos
Fedhas
Hepliaklqana
Kikubaaqudgha
Makhleb
Nemelex Xobeh
Okawaru
Qazlal
Ru
Trog
Uskayaw
Vehumet
Wu Jian
Xom
Yredelemnul

Annotations:
D:3 1 runed translucent door, diceflayer's ghost, amateur DsFi
D:8 Psyche


Innate Abilities, Weirdness & Mutations

You have very sharp fingernails.
You regenerate a little health from kills.
You have an absolutely massive brain. (Int +6, Wiz)
You are frail. (-10% HP)


Message History

You enter the shallow water.
Moving in this stuff is going to be slow.
You are engulfed in a cloud of scalding steam.
Things that are here:
a +0 trident; a +0 scale mail You enter the shallow water.
Moving in this stuff is going to be slow.
Things that are here:
a +0 halberd; a +0 scale mail
Things that are here:
a +0 trident; a +0 scale mail
There is an open door here.
You open the door. You open the door.
There is an open door here.
An orc knight is nearby!
Okay, then.
Okay, then.
Okay, then.
Casting: Foxfire (safe; 1% risk of failure)
Confirm with . or Enter, or press ? or * to list all spells.
You conjure some foxfire!
Your foxfire dissipates!
Why would you want to do that?
The orc knight shouts!
The orc knight barely misses you.
Casting: Foxfire (safe; 1% risk of failure)
Confirm with . or Enter, or press ? or * to list all spells.
You conjure some foxfire!
The orc knight hits you from afar with a +0 halberd!!
The foxfire hits the orc knight but does no damage.
The foxfire hits the orc knight.
The orc knight is lightly wounded.
The orc knight hits you from afar with a +0 halberd!!
* * * LOW HITPOINT WARNING * * *
Casting: Foxfire (safe; 1% risk of failure)
Confirm with . or Enter, or press ? or * to list all spells.
You conjure some foxfire!
The orc knight hits you from afar with a +0 halberd!
You die...

)######..~~..###..~~..##########
.)......~~..##.##..)~..........#
)~~~~~~~~..##...##..~~~~~~~~~~.#
..........##.....##.........v~.#
.#############'#############.~.#
.##.....##..§§§....#'.....##.~.#
..##...##..§§§§§≈≈o.##...##..).#
~..##.##..§§§§§.v≈§..##o##..~~.#
~~..#'#..≈§.§.⌠.@.§≈..#'#..~~.##
~~..#'#......⌠∩§v.§...#'#..~~.∩#
)..##.##..§§....§§≈..## ##..~~.#
..##...'#..≈≈≈≈§§§..## ##..~.#
.##.)...##.....§...## ##.~.#
.#############'###'#########.~.#
..).......##.....##..........~.#
)~)~~~~~~..##.∩.##..)~~~~~~~~~.#
..).....~~..##.##..~~).........#


You could see an orc knight (ally target).

Vanquished Creatures
  Joseph (D:7)
  A water moccasin (D:7)
  5 orc warriors (Bailey)
  A black bear (D:5)
  A sky beast (D:6)
  2 ogres (D:5)
  2 centaurs
  A phantom (D:4)
  A bullfrog (D:6)
  4 scorpions
  2 necrophages (D:4)
  5 wights
  3 killer bees (D:7)
  An electric eel (D:7)
  A howler monkey (D:7)
  3 orc priests
  3 hounds
  2 jellies
  Crazy Yiuf (D:2)
  Jessica (D:3)
  5 orc wizards
  3 gnolls (D:3)
  5 adders
  A white imp (D:7)
  An ufetubus (D:5)
  A worm (D:2)
  2 dart slugs
  33 orcs
  9 ball pythons
  4 bats
  6 endoplasms
  2 giant cockroaches
  8 goblins
  4 hobgoblins
  4 jackals (D:3)
  3 quokkas
  6 frilled lizards
  9 kobolds
  2 rats (D:1)
149 creatures vanquished.

Vanquished Creatures (collateral kills)
  5 foxfires (D:5)
5 creatures vanquished.

Vanquished Creatures (others)
  462 foxfires
462 creatures vanquished.

Grand Total: 616 creatures vanquished

Notes
Turn   | Place    | Note
-------+----------+-------------------------------------------
     0 | D:1      | Ashen the Demonspawn Fire Elementalist began the quest for
                  | the Orb.
     0 | D:1      | Reached XP level 1. HP: 13/13 MP: 3/3
   252 | D:1      | Gained mutation: You have sharp fingernails. [demonic
                  | ancestry]
   252 | D:1      | Reached XP level 2. HP: 19/19 MP: 3/5
   315 | D:1      | Learned a level 2 spell: Scorch
  1298 | D:2      | Identified the +4 mace of Pain and Death {vorpal, Contam
                  | rC++ rCorr Dex+2}
  1352 | D:2      | Reached XP level 3. HP: 25/25 MP: 2/6
  1461 | D:2      | Identified the +3 hammer of Risk Management {protect,
                  | Int+4}
  1465 | D:2      | Found a runed translucent door.
  1465 | D:2      | Gained mutation: You are frail. (-10% HP) [mutagenic glow]
  1466 | D:2      | Noticed Crazy Yiuf
  1535 | D:2      | You fall into a shaft and drop 1 floor!
  1650 | D:3      | Reached skill level 1 in Fighting
  1650 | D:3      | Gained mutation: You have an unusually large brain. (Int
                  | +2) [demonic ancestry]
  1650 | D:3      | Reached XP level 4. HP: 19/28 MP: 0/7
  1860 | D:3      | Found a runed translucent door.
  1874 | D:3      | Found a sacrificial altar of Ru.
  1890 | D:3      | Noticed diceflayer's ghost (amateur DsFi)
  2090 | D:3      | Noticed Jessica
  2099 | D:3      | Killed Jessica
  2100 | D:3      | Gained mutation: You regenerate a little health from kills.
                  | [demonic ancestry]
  2100 | D:3      | Reached XP level 5. HP: 33/33 MP: 3/9
  2309 | D:3      | Found a shimmering altar of Xom.
  2941 | D:2      | Found a faded altar of an unknown god.
  3026 | D:2      | Killed Crazy Yiuf
  3295 | D:4      | Gained mutation: You have an extremely huge brain. (Int +4)
                  | [demonic ancestry]
  3295 | D:4      | Reached XP level 6. HP: 38/38 MP: 3/10
  3611 | D:4      | Gained mutation: You have an absolutely massive brain. (Int
                  | +6, Wiz) [demonic ancestry]
  3611 | D:4      | Reached XP level 7. HP: 34/45 MP: 6/12
  3684 | D:4      | Learned a level 4 spell: Flame Wave
  3878 | D:4      | Found an ancient bone altar of Kikubaaqudgha.
  4045 | D:5      | Entered Level 5 of the Dungeon
  4167 | D:5      | Found a snail-covered altar of Cheibriados.
  4852 | D:5      | Gained mutation: You have very sharp fingernails. [demonic
                  | ancestry]
  4852 | D:5      | Reached XP level 8. HP: 51/51 MP: 8/14
  5099 | D:6      | Reached skill level 5 in Fire Magic
  5189 | D:6      | Noticed a +0 spear
  5189 | D:6      | Noticed a +0 dagger
  5189 | D:6      | Noticed a +0 falchion
  5189 | D:6      | Noticed a +0 dagger
  5190 | D:6      | Noticed a +0 spear
  5190 | D:6      | Noticed a +0 short sword
  5190 | D:6      | Noticed a +0 short sword
  5190 | D:6      | Noticed a +0 falchion
  5205 | D:6      | Found a hide-covered altar of Uskayaw.
  5349 | D:6      | Found a basalt altar of Yredelemnul.
  6048 | D:7      | Reached skill level 5 in Spellcasting
  6050 | D:7      | Reached skill level 5 in Conjurations
  6406 | D:7      | Found a shadowy altar of Dithmenos.
  6548 | D:7      | Identified the +0 chain mail "Wacoreci" {Regen+}
  6548 | D:7      | Noticed Joseph
  6570 | D:7      | Killed Joseph
  6571 | D:7      | Reached XP level 9. HP: 43/58 MP: 0/17
  6946 | D:7      | Found a staircase to the Ecumenical Temple.
  6956 | Temple   | Entered the Ecumenical Temple
  6964 | Temple   | Became a worshipper of Vehumet
  7170 | D:8      | Noticed Psyche
  7284 | D:8      | Found a flagged portal.
  7298 | Bailey   | Entered a bailey
  7678 | Bailey   | Noticed an orc knight
  7879 | Bailey   | Slain by an orc knight

Illustrated notes

Levels and vault maps discovered:
D:1:      evilmike_arrival_grusome_pit, layout_basic
D:2:      layout_basic, dreamdust_ecumenical_altar_angels_and_demons,
          uniq_crazy_yiuf_cottage
D:3:      layout_rooms, lemuel_doored_altar,
          mainiacjoe_overflow_concentric_impassable,
          ebering_ghost_reflecting_pool, uniq_jessica
D:4:      layout_cave_pools, lemuel_tele_altar
D:5:      layout_gridville, amcnicky_altar_gilded, serial_bayou_pond_c,
          guppyfry_early_lair_pool
D:6:      layout_basic, nicolae_uskayaw_en_pointe, mainiacjoe_overflow_boulevard
D:7:      layout_rooms, nicolae_dithmenos_through_a_glass_darkly,
          minmay_temple_entry_drinking_statues, fountainhead,
          chequers_serial_rivers_micro_a, minmay_crossroads, uniq_joseph
D:8:      layout_rooms, nicolae_overflow_two_pavilions, enter_bailey_2,
          uniq_psyche
Temple:   nicolae_temple_no_exploring_needed
Bailey:   bailey_polearm_1, bailey

Skill      XL: |  1  2  3  4  5  6  7  8  9 |
---------------+----------------------------+-----
Stealth        | 2 3 4 |  4.7
Dodging        | 2 3 4 |  4.3
Fire Magic     | 3 4 5 6 |  6.4
Fighting       | 1 2 3 4 |  4.1
Conjurations   | 2 3 4 5 6 |  6.2
Spellcasting   | 3 4 5 6 |  6.1

Action                   |  1- 3 |  4- 6 |  7- 9 || total
-------------------------+-------+-------+-------++-------
Melee: Unarmed           |    11 |     5 |       ||    16
       Mace              |     3 |    23 |    38 ||    64
       Long sword        |       |       |    19 ||    19
 Cast: Foxfire           |    43 |    79 |   151 ||   273
       Scorch            |     2 |     4 |    23 ||    29
       Flame Wave        |       |       |     4 ||     4
  Use: Scroll            |       |       |     6 ||     6
       Potion            |       |       |     1 ||     1
 Stab: Sleeping          |     1 |       |       ||     1
Armor: Robe              |     2 |     7 |    46 ||    55
Dodge: Dodged            |    23 |    25 |    77 ||   125
